 Dungeon Crawl Stone Soup version 0.30-a0-1035-g38d5fb2972 (webtiles) character file.

Game seed: 15523084351547804977

206 DeathPants the Trooper (level 5, -2/42 HPs)
             Began as a Demonspawn Monk on Apr 8, 2023.
             Splashed by a jelly's acid (8 damage)
             ... on level 4 of the Dungeon.
             The game lasted 00:17:03 (3678 turns).

DeathPants the Trooper (Demonspawn Monk)            Turns: 3678, Time: 00:17:04

Health: -2/42      AC: -2    Str: 12    XL:     5   Next: 53%
Magic:  8/8        EV: 13    Int: 15    God:
Gold:   112        SH:  0    Dex: 15    Spells: 5/8 levels left

rFire   . . .      SeeInvis .    a - +1 demon whip (venom)
rCold   . . .      Faith    .    (no shield)
rNeg    . . .      Spirit   .    d - +0 robe
rPois   .          Reflect  .    (helmet restricted)
rElec   .          Rampage  .    r - +0 cloak
rCorr   .                        (no gloves)
Will    .....                    n - +1 pair of boots
Stlth   ++                       (no amulet)
HPRegen 0.27/turn                (no ring)
MPRegen 0.11/turn                (no ring)

@: corroded
A: antennae 1, big brain 1
a: no special abilities


You were on level 4 of the Dungeon.
You visited 1 branch of the dungeon, and saw 6 of its levels.

You collected 192 gold pieces.
You spent 80 gold pieces at shops.

Inventory:

Hand Weapons
 a - a +1 demon whip of venom (weapon)
 b - the +6 whip of Megalomania {drain, rPois rC++ rCorr Int-2}
   (You found it on level 3 of the Dungeon)

   Int:       It affects your intelligence (-2).
   rC:        It greatly protects you from cold.
   rPois:     It protects you from poison.
   rCorr:     It protects you from acid and corrosion.
Missiles
 q - 4 boomerangs (quivered)
 t - 6 poisoned darts
Armour
 d - a +0 robe (worn)
 h - a +0 helmet
 n - a +1 pair of boots (worn)
 r - a +0 cloak (worn)
Jewellery
 k - a ring of ice
Scrolls
 o - a scroll of fear
 v - 4 scrolls of teleportation
Potions
 c - a potion of ambrosia
 e - 2 potions of heal wounds
 f - a potion of might
 g - a potion of mutation {unknown}
 j - a potion of lignification
 m - 2 potions of brilliance
 p - 3 potions of curing


   Skills:
 + Level 4.1 Fighting
 + Level 3.2 Maces & Flails
 - Level 1.2 Armour
 - Level 3.1 Dodging
 - Level 1.7 Stealth
 + Level 2.1 Spellcasting
 + Level 1.8 Hexes


You had 5 spell levels left.
You knew the following spells:

 Your Spells              Type           Power      Damage    Failure   Level
a - Confusing Touch       Hex            7%         N/A       30%         3

Your spell library contained the following spells:

 Spells                   Type           Power      Damage    Failure   Level
 Slow                     Hex            28%        N/A       11%         1
 Tukima's Dance           Hex            7%         N/A       30%         3
 Poisonous Vapours        Pois/Air       2%         N/A       32%         2
 Mephitic Cloud           Conj/Pois/Air  1%         N/A       54%         3
 Vampiric Draining        Necr           1%         2d6       54%         3
 Passage of Golubria      Tloc           1%         N/A       91%         4
 Freezing Cloud           Conj/Ice/Air   0%         6-21      99%         5
 Yara's Violent Unravell  Hex/Tmut       2%         3d3       99%         5


Dungeon Overview and Level Annotations

Branches:
Dungeon (6/15)
 Temple: D:4-7

Altars:
Fedhas
Nemelex Xobeh

Shops:
D:3 :?*(

Annotations:
D:6 Menkaure


Innate Abilities, Weirdness & Mutations

You have a pair of small antennae on your head.
You have an unusually large brain. (Int +2)


Message History

You whack the adder!
You kill the adder!
Things that are here:
a +0 club; a gnoll corpse
There is a stone staircase leading down, spattered with blood here.
Things that are here:
a +0 ring mail; a +0 dagger You start resting.
Your attacks no longer feel as feeble.
You start resting.
HP restored.
You climb downwards.
The orc wizard casts a spell at you. The puff of flame hits you!
The jelly barely misses you. The jelly closely misses you.
The orc shouts!
There is a stone staircase leading up, spattered with blood here.
The orc wizard gestures wildly while chanting.
The orc wizard flickers and vanishes!
Deactivating autopickup; reactivate with Ctrl-A.
The jelly hits you. The acid corrodes you!
You are splashed with acid!
You climb upwards.
Reactivating autopickup.
There is a stone staircase leading down, spattered with blood here.
Things that are here:
a +0 ring mail; a +0 dagger You barely miss the jelly.
The jelly hits you but does no damage.
You hit the jelly but do no damage.
Your hands burn!
The jelly hits you but does no damage.
You whack the jelly! The acid corrodes you!
Your hands burn!
The jelly is heavily wounded.
The jelly hits you.
You are splashed with acid.
* * * LOW HITPOINT WARNING * * *
You hit the jelly but do no damage.
Your hands burn!
* * * LOW HITPOINT WARNING * * *
The jelly is heavily wounded.
The jelly hits you.
* * * LOW HITPOINT WARNING * * *
You are splashed with acid!
You die...

######...###......#
#...##.### #......#
##..##.# #.[....#
##..##.# #......#
#......# ##.....<#
###.#######....##.#
#.............#...#
##).########....#.#
#@J#.............#
#[).....###.#.#.##
###.#.##.#.#.#.....
#......#...#.###.#.
########...#...#.#.
#..........##.##.##
###.#####..##......
#.# #..#####.#. #.#
#......#.#.


You could see a jelly.

Vanquished Creatures
  A gnoll bouda (D:4)
  7 gnolls (D:4)
  5 adders
  2 worms
  A dart slug (D:3)
  3 orcs
  6 ball pythons
  3 endoplasms
  A giant cockroach (D:2)
  6 goblins
  4 hobgoblins
  7 jackals
  A kobold (D:1)
  3 quokkas
  4 bats
  3 frilled lizards
  3 rats
60 creatures vanquished.

Vanquished Creatures (others)
  A plant (D:3)
1 creature vanquished.

Grand Total: 61 creatures vanquished

Notes
Turn   | Place    | Note
-------+----------+-------------------------------------------
     0 | D:1      | DeathPants the Demonspawn Monk began the quest for the Orb.
     0 | D:1      | Reached XP level 1. HP: 18/18 MP: 1/1
   262 | D:1      | Gained mutation: You have an unusually large brain. (Int
                  | +2) [demonic ancestry]
   262 | D:1      | Reached XP level 2. HP: 23/24 MP: 2/2
  1042 | D:2      | Reached skill level 1 in Armour
  1042 | D:2      | Reached skill level 1 in Spellcasting
  1042 | D:2      | Reached XP level 3. HP: 18/29 MP: 4/4
  1130 | D:2      | Learned a level 1 spell: Slow
  1275 | D:2      | Found a blossoming altar of Fedhas.
  1997 | D:3      | Found Ijyboi Hyti's Antique Weapon Boutique.
  2016 | D:3      | Found Takigg's General Store.
  2127 | D:3      | Found Giakegikh's Magic Scroll Shoppe.
  2130 | D:3      | Bought 3 scrolls of identify for 60 gold pieces
  2130 | D:3      | Bought a scroll of identify for 20 gold pieces
  2136 | D:3      | Identified a scroll of acquirement
  2139 | D:3      | Acquired a +1 demon whip of venom
  2157 | D:3      | Found Lenoseo's Book Shop.
  2237 | D:3      | Reached XP level 4. HP: 22/35 MP: 3/5
  2403 | D:3      | Identified the +6 whip of Megalomania {drain, rPois rC++
                  | rCorr Int-2}
  2704 | D:5      | Entered Level 5 of the Dungeon
  2844 | D:4      | Reached skill level 1 in Hexes
  2985 | D:4      | Identified the +3 ring mail of Bitterness {+Inv rN+ Dex+3
                  | Slay-6}
  3014 | D:4      | Learned a level 3 spell: Confusing Touch
  3039 | D:4      | Found a sparkling altar of Nemelex Xobeh.
  3382 | D:6      | Noticed Menkaure
  3382 | D:6      | Noticed a scorpion
  3466 | D:4      | Gained mutation: You have a pair of small antennae on your
                  | head. [demonic ancestry]
  3466 | D:4      | Reached XP level 5. HP: 37/42 MP: 7/7
  3504 | D:4      | Reached skill level 4 in Fighting
  3678 | D:4      | Splashed by a jelly's acid

Illustrated notes

Levels and vault maps discovered:
D:1:      dpeg_arrival_orchard, layout_loops_ring
D:2:      layout_loops_ring, basic_altar
D:3:      layout_rooms, serial_shops, nicolae_shop_crystal,
          nicolae_shop_behind_doors, shop, nicolae_shop_overgrown_old_shop,
          nicolae_hexahallways, serial_park_tiny_pond,
          kennysheep_decorative_pillar
D:4:      layout_basic, mainiacjoe_overflow_alcove_4, kennysheep_small_spiral
D:5:      layout_cave_pools, okawaru_trees_2, nicolae_alphabet_shops,
          minmay_manual_maat
D:6:      layout_loops_ring, nicolae_ru_the_path_less_chosen,
          nicolae_benzene_ring, corexii_checkpoint_a, uniq_duvessa,
          uniq_menkaure

Skill      XL: |  1  2  3  4  5 |
---------------+----------------+-----
Dodging        | 3 |  3.1
Armour         | 1 |  1.2
Spellcasting   | 1 2 |  2.1
Hexes          | 1 |  1.8
Maces & Flails | 3 |  3.2
Fighting       | 4 |  4.1
Stealth        | |  1.7

Action                     |  1- 3 |  4- 6 || total
---------------------------+-------+-------++-------
  Melee: Mace              |   108 |       ||   108
         Dagger            |     2 |       ||     2
         Short sword       |    12 |       ||    12
         Demon whip        |    10 |    74 ||    84
         Scimitar          |     6 |       ||     6
         Punch             |       |     1 ||     1
  Throw: Boomerang         |     2 |       ||     2
   Cast: Slow              |     2 |     2 ||     4
    Use: Scroll            |    14 |     2 ||    16
         Potion            |       |     1 ||     1
   Stab: Sleeping          |     3 |     1 ||     4
 Armour: Robe              |    34 |    13 ||    47
  Dodge: Dodged            |    91 |    76 ||   167

Table legend: (Time is in decaauts)
 A = Elapsed time spent in this place.
 B = Non-inter-level travel time spent in this place.
 C = Inter-level travel time spent in this place.
 D = Time resting spent in this place.
 E = Time spent auto-exploring this place.
 F = Levels seen in this place.
 G = Mean time per level.
                   A        B        C        D        E       F      G
               +--------+--------+--------+--------+--------+-----+--------+
         Total |   3719 |   3658 |     61 |    154 |   2521 |   6 |  619.8 |
       Dungeon |   3719 |   3658 |     61 |    154 |   2521 |   6 |  619.8 |
               +--------+--------+--------+--------+--------+-----+--------+

Top non-repeatable levels by time:
     D:4: 1028 daAuts
     D:1: 886 daAuts
     D:2: 878 daAuts
     D:3: 798 daAuts
     D:5: 126 daAuts
     D:6: 1 daAuts
